 Dungeon Crawl Stone Soup version 0.31-a0-204-g7da18cac08 (webtiles) character file.

Game seed: 9895112598492978219

9984 kae the Transmogrifier (level 11, -2/109 HPs)
             Began as a Yellow Draconian Transmuter on June 27, 2023.
             Was a Believer of Ru.
             Slain by a hellwing (5 damage)
             ... summoned by a kobold demonologist
             ... on level 10 of the Dungeon.
             The game lasted 00:12:23 (11999 turns).

kae the Transmogrifier (DrTm)                      Turns: 11999, Time: 00:12:24

Health: -2/109     AC:  9    Str: 12    XL:     11   Next: 30%
Magic:  17/21      EV: 15    Int: 19    God:    Ru [**....]
Gold:   678        SH:  0    Dex: 11    Spells: 13/23 levels left

rFire   x .          .
                       - Unarmed
rCold   + + +        (shield currently unavailable)
rNeg    . . .        (body armour unavailable)
rPois   +            (helmet currently unavailable)
rElec   .            (cloak currently unavailable)
rCorr   .            (gloves currently unavailable)
SInv    .            (boots currently unavailable)
Will    .....        (no amulet)
Stlth   +            E - +5 ring of evasion
HPRegen 0.38/turn    (no ring)
MPRegen 0.17/turn

%: no passive effects
@: ice-form, wereblooded
A: freezing attack, amphibious, boosted hp, (spit acid), AC +7, large, unfitting
armour, (cold-blooded), hated by all, disrupted magic 1, (acid resistance)
a: End Transformation, Renounce Religion


You were on level 10 of the Dungeon.
You worshipped Ru.
Ru was pleased with you.
You were a creature of crystalline ice.
You visited 2 branches of the dungeon, and saw 12 of its levels.
You also visited: Sewer.

You collected 693 gold pieces.
You spent 15 gold pieces at shops.


Innate Abilities, Weirdness & Mutations

You are a creature of crystalline ice.
You have a powerful freezing melee attack.
You are amphibious.
Your maximum health is increased.
Your armour is entirely melded.
You are incapable of wielding weapons or throwing items.
((You can spit globs of acid.))
((Your golden yellow scales are hard. (AC +7)))
You cannot fit into any form of body armour.
((You are cold-blooded and may be slowed by cold attacks.))
You are hated by all.
Your casting is slightly disrupted.
((You are resistant to acid. (rCorr)))


   Skills:
 + Level 6.7 Fighting
 + Level 3.9 Dodging
 * Level 9.2 Unarmed Combat
 + Level 6.8 Spellcasting
 * Level 10.5 Transmutations
 - Level 6.0 Ice Magic


You had 13 spell levels left.
You knew the following spells:

 Your Spells              Type           Power      Damage    Failure   Level
a - Beastly Appendage     Tmut           92%        N/A       1%          1
b - Wereblood             Tmut           46%        N/A       1%          2
c - Spider Form           Tmut/Pois      26%        N/A       6%          3
d - Ice Form              Ice/Tmut       37%        N/A       6%          4

Your spell library contained the following spells:

 Spells                   Type           Power      Damage    Failure   Level
 Freeze                   Ice            100%       1d10      1%          1
 Frozen Ramparts          Ice            58%        1d9       4%          3
 Ignite Poison            Fire/Tmut/Pois 19%        N/A       12%         3
 Hailstorm                Conj/Ice       17%        3d6       13%         3
 Apportation              Tloc           12%        N/A       16%         1
 Necrotise                Necr           24%        1d5       16%         1
 Cigotuvi's Dreadful Rot  Necr/Pois/Air  12%        N/A       22%         2
 Freezing Cloud           Conj/Ice/Air   7%         6-21      83%         5
 Summon Small Mammal      Summ           Unusable   N/A       N/A         1

Inventory:

Missiles
 c - 5 javelins
 d - 158 stones
 h - 34 poisoned darts
 o - 2 throwing nets {=f!f}
 w - a curare-tipped dart {=f}
 B - 4 boomerangs
Jewellery
 E - a +5 ring of evasion (left front paw)
   (You found it on level 9 of the Dungeon)
Wands
 l - a wand of digging (3)
   (You took it off Robin on level 4 of the Dungeon)
 v - a wand of mindburst (10)
   (You found it on level 6 of the Dungeon)
 x - a wand of paralysis (25)
   (You found it on level 7 of the Dungeon)
Scrolls
 k - 3 scrolls of teleportation {@r4}
 p - 3 scrolls of vulnerability {!r!r}
 r - 2 scrolls of enchant armour
 s - 2 scrolls of fear
 t - a scroll of revelation
 y - a scroll of enchant weapon
 z - 3 scrolls of identify {@r1}
 A - a scroll of fog
Potions
 a - 2 potions of lignification {!q}
 b - 3 potions of curing {@q1}
 e - 2 potions of resistance
 f - 3 potions of degeneration {!q}
 g - 2 potions of magic
 i - 7 potions of brilliance
 j - 2 potions of attraction {!q}
 m - 4 potions of enlightenment
 n - 2 potions of mutation {!q}
 q - a potion of haste {@q3}
 u - 2 potions of invisibility

Dungeon Overview and Level Annotations

Branches:
Dungeon (11/15) Zot: 24813  Temple (1/1) D:4 Zot: 5766    Lair (0/5) D:9
    Orc (0/2) D:10          Sewer (visited)

Altars:
Ashenzari
Cheibriados
Dithmenos
Elyvilon
Gozag
Kikubaaqudgha
Makhleb
Nemelex Xobeh
Okawaru
Qazlal
Ru
Sif Muna
Trog
Uskayaw
Vehumet
Wu Jian
Xom
Zin
The Shining One

Shops:
D:4 *

Annotations:
D:9 3 runed translucent doors, Koushar's ghost, novice FeTm

..............K......K...
#######.....KK..........#
#.....#.K......3........#
#.....'K.#''####K.......#
#.....#..#.....#........#
###+###Y.#.....#........#
.........#.....#........#
......Y..#.....#††......#
.....>...#.....#Y†......#
.........#.....#4.......#
.........#######.........
......<.K.......)........
##.......................
#.......................
#.......###............
#.......# #............
#...##### #...#####....


You could see a hellwing (summoned), a sixfirhy (summoned) and a kobold brigand.


Message History

The kobold brigand closely misses you.
The kobold brigand hits you with a +0 dagger.
* * * LOW HITPOINT WARNING * * *
😨 HP[-4] MP[+1]
You take 4 damage, and now have 42/109 hp.
Your mp is fully restored (21).
The kobold brigand attacks as you move away!
The kobold brigand completely misses you.
The kobold brigand attacks as you move away!
The kobold brigand hits you but does no damage.
The kobold brigand attacks as you move away!
The kobold brigand hits you with a +0 short sword.
* * * LOW HITPOINT WARNING * * *
You redirect the kobold demonologist's attack!
The kobold brigand throws a poisoned dart.
The poisoned dart barely misses you.
The kobold brigand attacks as you move away!
The kobold brigand closely misses you.
You howl as the wereblood boils in your veins!
You hear a shout!
The kobold brigand throws a poisoned dart.
The poisoned dart misses you.
The kobold brigand throws a poisoned dart.
The poisoned dart misses you. 😨 HP[-3]
You take 3 damage, and now have 39/109 hp.
Casting: Ice Form (dangerous; 6% risk of failure)
Confirm with . or Enter, or press ? or * to list all spells.
Your blood is freshly infused with primal strength!
The kobold brigand throws a poisoned dart.
The poisoned dart hits you!
The kobold brigand hits you with a +0 short sword!
* * * LOW HITPOINT WARNING * * *
😨 HP[-8] MP[-2]
You take 8 damage, and now have 31/109 hp.
You lost 2 mp, and now have 19/21 mp.
Casting: Wereblood (safe; 1% risk of failure)
Confirm with . or Enter, or press ? or * to list all spells.
You extend your transformation's duration.
The kobold brigand closely misses you.
The kobold brigand hits you with a +0 dagger.
* * * LOW HITPOINT WARNING * * *
The kobold brigand hits you but does no damage.
The kobold brigand hits you with a +0 dagger.
* * * LOW HITPOINT WARNING * * *
The kobold brigand barely misses you. 😱 HP[-10] MP[-4]
You take 10 damage, and now have 21/109 hp.
You lost 4 mp, and now have 15/21 mp.
You completely miss the kobold brigand. The kobold brigand closely misses you.
The kobold brigand hits you with a +0 dagger.
* * * LOW HITPOINT WARNING * * *
The kobold brigand hits you but does no damage.
The kobold demonologist mumbles some strange words. 😱 HP[-2]
You take 2 damage, and now have 19/109 hp.
You hit the kobold brigand but do no damage. 😱 HP[+1] MP[+1]
You barely miss the kobold brigand.
The kobold demonologist gestures wildly while chanting.
The kobold brigand completely misses you.
The kobold brigand misses you.
The kobold brigand hits you with a +0 dagger.
* * * LOW HITPOINT WARNING * * *
😱 HP[-4]
You take 4 damage, and now have 16/109 hp.
You punch the kobold brigand! You freeze the kobold brigand.
The kobold brigand hits you with a +0 dagger.
* * * LOW HITPOINT WARNING * * *
The kobold brigand completely misses you. x2 😱 HP[-4]
You take 4 damage, and now have 12/109 hp.
As you read the scroll of fear, it crumbles to dust.
You assume a fearsome visage.
The sixfirhy looks frightened!
The hellwing looks frightened!
The kobold demonologist looks frightened!
The kobold brigand looks frightened!
The kobold looks frightened!
The kobold brigand looks frightened! x3; The kobold looks frightened!
The hellwing swoops through the air toward you!
The hellwing misses you. The hellwing hits you.
* * * LOW HITPOINT WARNING * * *
😱 HP[-3]
You take 3 damage, and now have 9/109 hp.
Okay, then.
You hit the hellwing but do no damage.
Your attack snaps the hellwing out of its fear.
The hellwing hits you but does no damage.
The hellwing misses you.
Unknown command.
The hellwing misses you.
The hellwing barely misses you. 😱 HP[+1]
The hellwing hits you!
* * * LOW HITPOINT WARNING * * *
The hellwing hits you but does no damage.
Things that are here:
a yak corpse; a yak corpse; 😱 HP[-8] MP[+1]
You take 8 damage, and now have 2/109 hp.
The hellwing swoops through the air toward you!
The hellwing hits you.
You die...

Skill      XL: |  1  2  3  4  5  6  7  8  9 10 11 |
---------------+----------------------------------+-----
Transmutations | 3 4 5 6 7 8 10 | 10.5
Spellcasting   | 3 4 5 6 |  6.8
Ice Magic      | 1 3 4 5 6 |  6.0
Fighting       | 2 3 4 6 |  6.7
Unarmed Combat | 4 5 7 8 9 |  9.2
Dodging        | 3 |  3.9

Action                     |  1- 3 |  4- 6 |  7- 9 | 10-12 || total
---------------------------+-------+-------+-------+-------++-------
  Melee: Unarmed           |   106 |   194 |   343 |   244 ||   887
         Tailslap          |    17 |     9 |       |       ||    26
         Kick              |    16 |    13 |       |       ||    29
         Headbutt          |     8 |     9 |       |       ||    17
         Punch             |     2 |     5 |       |       ||     7
   Cast: Beastly Appendage |    25 |    15 |       |       ||    40
         Spider Form       |     2 |     9 |     2 |       ||    13
         Wereblood         |       |     6 |    15 |    14 ||    35
         Ice Form          |       |     6 |    32 |    24 ||    62
 Invoke: Sacrifice Love    |       |       |     1 |       ||     1
         Sacrifice Essence |       |       |       |     1 ||     1
  Evoke: Wand              |       |       |     1 |       ||     1
    Use: Scroll            |     5 |     6 |     4 |     6 ||    21
         Potion            |       |       |     1 |       ||     1
 Armour: Skin              |    29 |    50 |   110 |   105 ||   294
  Dodge: Dodged            |    71 |   172 |   145 |   156 ||   544

Levels and vault maps discovered:
D:1:      nicolae_arrival_memento_mori, layout_basic
D:2:      layout_basic, dilly_ecumenical_altar_fadedgnrine
D:3:      layout_loops_ring, grunt_decor_fettered
D:4:      layout_loops_ring, nicolae_elyvilon_temple_path,
          minmay_temple_entry_hall, gup_sewer_entry_bowl,
          nicolae_shop_clearance, uniq_robin
D:5:      layout_loops_ring, hangedman_abyss_or_decor_passed, minmay_puff
D:6:      layout_loops_ring, mainiacjoe_overflow_boulevard
D:7:      layout_rooms, minmay_stone_trees_small
D:8:      layout_loops_corners, kennysheep_mini_moat
D:9:      layout_gridville, erik_lair_dragon, gammafunk_ghost_ooze,
          corexii_checkpoint_a
D:10:     layout_irregular_city, minmay_orc_entry_guard_dogs, fungi_pond_lemuel
D:11:     layout_long_grid
Temple:   nicolae_temple_bog_church

Notes
Turn   | Place    | Note
-------+----------+-------------------------------------------
     0 | D:1      | kae the Draconian Transmuter began the quest for the Orb.
     0 | D:1      | Reached XP level 1. HP: 16/16 MP: 3/3
     0 | D:1      | magus.rc [v1.11.3]
   156 | D:1      | Reached XP level 2. HP: 23/23 MP: 3/5
   412 | D:1      | Learned a level 2 spell: Wereblood
   433 | D:1      | You pick up a book of Frost and begin reading...
   433 | D:1      | You add the spells Freeze, Frozen Ramparts and Hailstorm to
                  | your library.
   449 | D:1      | Reached skill level 3 in Transmutations
   822 | D:2      | Reached XP level 3. HP: 28/28 MP: 3/6
   826 | D:2      | Learned a level 3 spell: Spider Form
  1410 | D:2      | Found a faded altar of an unknown god.
  1531 | D:3      | Noticed a black bear
  1793 | D:3      | Killed a black bear
  1794 | D:3      | Reached skill level 3 in Spellcasting
  1794 | D:3      | Reached skill level 4 in Transmutations
  1794 | D:3      | Reached XP level 4. HP: 11/35 MP: 4/8
  1794 | D:3      | Reached XP level 5. HP: 12/40 MP: 4/9
  1905 | D:3      | Identified the +1 scale mail "Ceolixor" {Regen+ Int+3
                  | Dex-2}
  1925 | D:3      | Learned a level 4 spell: Ice Form
  2587 | D:3      | Reached skill level 1 in Ice Magic
  2777 | D:4      | Found a white marble altar of Elyvilon.
  2838 | D:4      | Found Uqoivuem's CLEARANCE SALE!.
  2849 | D:4      | Bought a scroll of teleportation for 15 gold pieces
  2902 | D:4      | HP: 4/40 [gnoll/+0 halberd (16)]
  2905 | D:4      | Reached skill level 5 in Transmutations
  2909 | D:4      | Reached XP level 6. HP: 14/47 MP: 7/11
  3002 | D:4      | Noticed Robin
  3031 | D:4      | Killed Robin
  3032 | D:4      | Reached skill level 2 in Ice Magic
  3099 | D:4      | Found a glowing drain.
  3103 | Sewer    | Entered a sewer
  4034 | D:4      | Reached skill level 3 in Ice Magic
  4086 | D:4      | Your scales start taking on a golden yellow colour.
  4086 | D:4      | Reached XP level 7. HP: 52/52 MP: 9/12
  4086 | D:4      | Gained mutation: You are resistant to acid. (rCorr) [Yellow
                  | Draconian growth]
  4299 | D:4      | Found a staircase to the Ecumenical Temple.
  4559 | Temple   | Entered the Ecumenical Temple
  4766 | Temple   | Became a worshipper of Ru the Awakened
  4810 | D:5      | Entered Level 5 of the Dungeon
  4891 | D:5      | Reached skill level 4 in Spellcasting
  5044 | D:5      | Reached skill level 6 in Transmutations
  5217 | D:5      | Reached skill level 2 in Fighting
  5295 | D:5      | You add the spells Cigotuvi's Dreadful Rot, Ignite Poison
                  | and Freezing Cloud to your library.
  5485 | D:5      | Reached skill level 4 in Ice Magic
  5939 | D:6      | Reached skill level 4 in Unarmed Combat
  5939 | D:6      | Reached XP level 8. HP: 61/61 MP: 10/14
  6057 | D:6      | Found a sparkling altar of Nemelex Xobeh.
  6424 | D:6      | Reached skill level 3 in Fighting
  6620 | D:6      | Gained mutation: You are hated by all. [Ru sacrifice]
  6620 | D:6      | Reached * piety under Ru
  6795 | D:7      | Reached skill level 5 in Ice Magic
  6803 | D:7      | Reached skill level 7 in Transmutations
  6841 | D:7      | Reached skill level 5 in Unarmed Combat
  7288 | D:7      | Reached XP level 9. HP: 70/70 MP: 10/16
  7600 | D:7      | Reached skill level 5 in Spellcasting
  7754 | D:7      | Reached skill level 6 in Ice Magic
  7855 | D:7      | Reached skill level 4 in Fighting
  7877 | D:7      | Reached skill level 6 in Unarmed Combat
  8151 | D:8      | Reached skill level 8 in Transmutations
  8418 | D:8      | You fall into a shaft and drop 3 floors!
  8420 | D:11     | Noticed a gargoyle
  8543 | D:11     | HP: 12/86 [vampire mosquito (10)]
  8545 | D:11     | HP: 4/86 [something (4)]
  8554 | D:11     | Killed an unseen horror
  8555 | D:11     | Reached skill level 7 in Unarmed Combat
  8720 | D:11     | Killed a gargoyle
  8721 | D:11     | Reached XP level 10. HP: 77/80 MP: 15/18
  8753 | D:11     | Reached skill level 5 in Fighting
  8884 | D:11     | Noticed an orange demon
  9110 | D:11     | Reached skill level 9 in Transmutations
  9368 | D:11     | Reached skill level 2 in Dodging
  9378 | D:11     | Reached skill level 6 in Spellcasting
  9390 | D:10     | Entered Level 10 of the Dungeon
  9566 | D:10     | Found a staircase to the Orcish Mines.
  9583 | D:10     | Reached skill level 8 in Unarmed Combat
  9950 | D:9      | Reached skill level 6 in Fighting
  9950 | D:9      | Reached skill level 3 in Dodging
  9964 | D:9      | Reached skill level 10 in Transmutations
 10928 | D:9      | Reached XP level 11. HP: 89/89 MP: 14/20
 11010 | D:9      | HP: 27/109 [basilisk (9)]
 11231 | D:9      | Reached skill level 9 in Unarmed Combat
 11294 | D:9      | Found a staircase to the Lair.
 11314 | D:9      | You pick up a book of Cantrips and begin reading...
 11314 | D:9      | You add the spells Necrotise and Apportation to your
                  | library.
 11605 | D:9      | Found a runed translucent gate.
 11606 | D:9      | Found a runed translucent gate.
 11607 | D:9      | Found a runed translucent gate.
 11608 | D:9      | Noticed Koushar's ghost (novice FeTm)
 11954 | D:10     | Gained mutation: Your casting is slightly disrupted. [Ru
                  | sacrifice]
 11954 | D:10     | Reached ** piety under Ru
 11988 | D:10     | HP: 26/109 [kobold brigand/+0 dagger (6)]
 11991 | D:10     | Noticed a sixfirhy
 11993 | D:10     | HP: 12/109 [kobold brigand/+0 dagger (4)]
 11998 | D:10     | HP: 2/109 [hellwing[a kobold demonologist] (8)]
 11999 | D:10     | Slain by a hellwing

Vanquished Creatures
  A gargoyle (D:11)
  An unseen horror (D:11)
  3 kobold demonologists
  3 trolls
  A wraith (D:9)
  15 yaks
  A shadow (D:11)
  2 wyverns (D:9)
  4 basilisks (D:9)
  4 vampire mosquitoes (D:11)
  A steam dragon (D:7)
  3 wargs (D:10)
  An acid dragon (D:9)
  2 water moccasins
  2 ice beasts (D:6)
  3 sky beasts
  2 black bears
  2 ogres
  A centaur (D:9)
  8 kobold brigands
  A phantom (D:5)
  5 bullfrogs
  A gnoll sergeant (D:7)
  5 wights (D:6)
  7 killer bees (D:10)
  2 jellies (D:8)
  6 howler monkeys
  4 orc priests
  2 gnoll boudas
  2 sleepcaps (D:5)
  3 iguanas
  3 orc wizards
  Robin (D:4)
  17 gnolls
  9 adders
  5 river rats
  2 shadow imps
  A white imp (D:6)
  4 worms
  A dart slug (D:3)
  31 orcs
  5 endoplasms
  7 giant cockroaches
  13 goblins
  14 hobgoblins
  6 jackals
  34 kobolds
  5 quokkas
  14 ball pythons
  11 bats
  3 frilled lizards
  11 rats
295 creatures vanquished.

Table legend:
 A = Non-vault XP
 B = Vault XP
 C = Vault XP percentage of total XP
 D = Non-vault monster count
 E = Vault monster count
 F = Vault count percentage of total count
                 A         B        C        D         E       F
            +---------+---------+-------+---------+---------+-------
      Total |   12171 |    2093 |  14.7 |     237 |      58 |  19.7
            +---------+---------+-------+---------+---------+-------
        D:1 |      36 |       0 |   0.0 |      24 |       0 |   0.0
        D:2 |      40 |       0 |   0.0 |      20 |       0 |   0.0
        D:3 |     246 |       0 |   0.0 |      22 |       0 |   0.0
        D:4 |     210 |      47 |  18.3 |      22 |      12 |  35.3
        D:5 |     319 |     239 |  42.8 |       8 |       5 |  38.5
        D:6 |     814 |       0 |   0.0 |      22 |       0 |   0.0
        D:7 |    1592 |       0 |   0.0 |      39 |       0 |   0.0
        D:8 |     735 |       0 |   0.0 |      22 |       0 |   0.0
        D:9 |    3024 |    1142 |  27.4 |      21 |       8 |  27.6
       D:10 |    1883 |     505 |  21.1 |      14 |       3 |  17.6
       D:11 |    3272 |       0 |   0.0 |      23 |       0 |   0.0
      Sewer |       0 |     160 | 100.0 |       0 |      30 | 100.0
            +---------+---------+-------+---------+---------+-------

Skill      XL: |  1  2  3  4  5  6  7  8  9 10 11 |
---------------+----------------------------------+-----
Transmutations | 3 4 5 6 7 8 10 | 10.5
Spellcasting   | 3 4 5 6 |  6.8
Ice Magic      | 1 3 4 5 6 |  6.0
Fighting       | 2 3 4 6 |  6.7
Unarmed Combat | 4 5 7 8 9 |  9.2
Dodging        | 3 |  3.9

Action                     |  1- 3 |  4- 6 |  7- 9 | 10-12 || total
---------------------------+-------+-------+-------+-------++-------
  Melee: Unarmed           |   106 |   194 |   343 |   244 ||   887
         Tailslap          |    17 |     9 |       |       ||    26
         Kick              |    16 |    13 |       |       ||    29
         Headbutt          |     8 |     9 |       |       ||    17
         Punch             |     2 |     5 |       |       ||     7
   Cast: Beastly Appendage |    25 |    15 |       |       ||    40
         Spider Form       |     2 |     9 |     2 |       ||    13
         Wereblood         |       |     6 |    15 |    14 ||    35
         Ice Form          |       |     6 |    32 |    24 ||    62
 Invoke: Sacrifice Love    |       |       |     1 |       ||     1
         Sacrifice Essence |       |       |       |     1 ||     1
  Evoke: Wand              |       |       |     1 |       ||     1
    Use: Scroll            |     5 |     6 |     4 |     6 ||    21
         Potion            |       |       |     1 |       ||     1
 Armour: Skin              |    29 |    50 |   110 |   105 ||   294
  Dodge: Dodged            |    71 |   172 |   145 |   156 ||   544

Illustrated notes

Table legend:
 A = Kills in this place as a percentage of kills in the entire game.
 B = Kills by you in this place as a percentage of kills by you in the entire game.
 C = Kills by friends in this place as a percentage of kills by friends in the entire game.
 D = Other kills in this place as a percentage of other kills in the entire game.
 E = Experience gained in this place as a percentage of experience gained in the entire game.
 F = Experience gained in this place divided by the number of levels of this place that you have seen.
                   A       B       C       D       E      F
               +-------+-------+-------+-------+-------+----------------------
         Total | 100.0 | 100.0 |   N/A |   N/A | 100.0 | 1097.2
       Dungeon |  89.8 |  89.8 |   N/A |   N/A |  98.9 | 1282.2
         Sewer |  10.2 |  10.2 |   N/A |   N/A |   1.1 | 160.0
               +-------+-------+-------+-------+-------+----------------------

Table legend: (Time is in decaauts)
 A = Elapsed time spent in this place.
 B = Non-inter-level travel time spent in this place.
 C = Inter-level travel time spent in this place.
 D = Time resting spent in this place.
 E = Time spent auto-exploring this place.
 F = Levels seen in this place.
 G = Mean time per level.
                   A        B        C        D        E       F      G
               +--------+--------+--------+--------+--------+-----+--------+
         Total |  12067 |  11600 |    467 |    194 |   9120 |  13 |  928.2 |
       Dungeon |  10832 |  10406 |    426 |     94 |   8283 |  11 |  984.7 |
        Temple |    233 |    193 |     40 |      0 |    180 |   1 |  233.0 |
         Sewer |   1001 |   1001 |      0 |    100 |    656 |   1 | 1001.0 |
               +--------+--------+--------+--------+--------+-----+--------+

Top non-repeatable levels by time:
     D:9: 1282 daAuts
     D:8: 1130 daAuts
     D:7: 1129 daAuts
     D:3: 1073 daAuts
     D:4: 1058 daAuts
     D:6: 1052 daAuts
     D:5: 1040 daAuts
   Sewer: 1001 daAuts
    D:11: 958 daAuts
     D:1: 801 daAuts
     D:2: 778 daAuts
    D:10: 525 daAuts
  Temple: 233 daAuts
